[Event "40th Cappelle Open 2024"]
[Site "Cappelle-la-Grande"]
[Date "2024.03.06"]
[Round "7.6"]
[White "Agdelen, Huseyin Can"]
[Black "Gopal G.N."]
[Result "1/2-1/2"]
[ECO "B94"]
[WhiteElo "2408"]
[BlackElo "2575"]
[Annotator "TA"]
[PlyCount "41"]
[EventDate "2024.03.02"]
[EventType "swiss"]
[EventCountry "FRA"]
[SourceTitle "playchess.com"]
[Source "ChessBase"]
[SourceQuality "1"]
[TimeControl "40/5400+30:1800+30"]

1. e4 c5 2. Nf3 d6 3. d4 cxd4 4. Nxd4 Nf6 5. Nc3 a6 6. Bg5 Nbd7 7. Qe2 h6 8. Bh4 g6 9. f4 {[%emt 0:04:39] White has an edge.} e5 10. fxe5 dxe5 {[%emt 0:00:18] [#]} 11. O-O-O $1 Qc7 (11... exd4 12. e5 dxc3 (12... d3 $2 13. Rxd3 Qe7 14. Re3 $18) 13. exf6+ $18) 12. Nb3 b5 $1 13. Rxd7 Nxd7 14. Nd5 Qb8 15. Na5 {[%emt 0:02:03] A dynamic duo of knights.} Bg7 16. Qf3 {[%emt 0:01:41][%cal Of1c4] [#] Bc4! would now be deadly.} O-O 17. Be7 $1 Bb7 {[%emt 0:01:47][%cal Ob7d5] Prevents Nc6. ...Bxd5! is the strong threat.} 18. Bxf8 Bxf8 19. Nxb7 Qxb7 20. Be2 Nb6 21. Rd1 {[%emt 0:11:16] Weighted Error Value: White=0.04 (flawless) /Black=0.03 (flawless) .  Inaccurate:     	White=2     	---        OK:         	White=7     	Black=7      Best:        	White=2     	---        Strong:       	White=1     	Black=1} 1/2-1/2

[Event "40th Cappelle Open 2024"]
[Site "Cappelle-la-Grande"]
[Date "2024.03.06"]
[Round "7.7"]
[White "Zylka, Stanislaw"]
[Black "Bellahcene, Bilel"]
[Result "1/2-1/2"]
[ECO "E16"]
[WhiteElo "2401"]
[BlackElo "2522"]
[Annotator "TA"]
[PlyCount "66"]
[EventDate "2024.03.02"]
[EventType "swiss"]
[EventCountry "FRA"]
[SourceTitle "playchess.com"]
[Source "ChessBase"]
[SourceQuality "1"]
[TimeControl "40/5400+30:1800+30"]

1. d4 Nf6 2. c4 e6 3. Nf3 b6 4. g3 Bb7 5. Bg2 Bb4+ 6. Bd2 Be7 7. O-O c6 8. Nc3 d5 9. cxd5 cxd5 10. Bf4 O-O 11. Bxb8 Rxb8 12. Ne5 a6 13. e3 Bd6 14. Nd3 Qe7 15. a3 Rfc8 16. f3 Nd7 17. Rf2 b5 18. Qe1 Bc6 19. b4 Ra8 20. Bf1 e5 21. f4 exd4 22. exd4 Qd8 23. Bh3 Rc7 24. Bxd7 Rxd7 25. Ne5 Rc7 26. Rc1 ({Viel schwächer wäre} 26. Nxc6 Rxc6 27. Re2 (27. Nxd5 Bf8 $17) 27... Bf8 $17) 26... Bb7 27. Nd3 Rc4 28. Qe3 Qe8 29. Ne5 Rc7 {[%emt 0:00:43] [#] Und jetzt ...f6 wäre schön.} 30. Re1 (30. Re2 $11) 30... Rac8 ({Besser ist} 30... f6 $15 31. Nf3 Qxe3 32. Rxe3 Rac8) 31. Nd1 $11 {[%emt 0:00:06] Die Stellung ist ausgeglichen.} Re7 {[%emt 0:08:28] Droht stark ...f6.} 32. Qd2 $1 Rcc7 33. Rfe2 Qc8 {[%emt 0:06:17] Gewichteter Fehlerwert: Weiß=0.08 (makellos) /Schwarz=0.07 (makellos) .  Fehler:       	Weiß=1     	Schwarz=1     Ungenau:       	Weiß=1     	Schwarz=1     OK:         	Weiß=5     	Schwarz=9     Stark:        	Weiß=1     	---} 1/2-1/2

[Event "40th Cappelle Open 2024"]
[Site "Cappelle-la-Grande"]
[Date "2024.03.06"]
[Round "7.8"]
[White "Samani, Yamac"]
[Black "Valsecchi, Alessio"]
[Result "0-1"]
[ECO "C11"]
[WhiteElo "2378"]
[BlackElo "2490"]
[Annotator "RC"]
[PlyCount "58"]
[EventDate "2024.03.02"]
[EventType "swiss"]
[EventCountry "FRA"]
[SourceTitle "playchess.com"]
[Source "ChessBase"]
[SourceQuality "1"]
[TimeControl "40/5400+30:1800+30"]

1. e4 e6 2. d4 d5 3. Nc3 Nf6 4. e5 Nfd7 5. f4 c5 6. Nf3 Nc6 7. Be3 a6 8. Qd2 b5 9. a3 Rb8 10. dxc5 Bxc5 11. Bxc5 Nxc5 12. b4 Nd7 13. Bd3 Qb6 14. Ne2 f6 15. exf6 Nxf6 16. c3 O-O 17. Ned4 Ne4 18. Bxe4 dxe4 19. Ne5 Nxe5 20. fxe5 Bb7 21. a4 Bd5 22. Qe3 Qc7 23. axb5 axb5 24. Qg3 Rf3 25. gxf3 Qxc3+ 26. Kf2 Qxd4+ 27. Kg2 exf3+ 28. Kh3 Be4 29. Qh4 Qxe5 0-1

[Event "40th Cappelle Open 2024"]
[Site "Cappelle-la-Grande"]
[Date "2024.03.06"]
[Round "7.9"]
[White "Girel, Joseph"]
[Black "Tahay, Alexis"]
[Result "1/2-1/2"]
[ECO "B92"]
[WhiteElo "2486"]
[BlackElo "2382"]
[Annotator "TA"]
[PlyCount "100"]
[EventDate "2024.03.02"]
[EventType "swiss"]
[EventCountry "FRA"]
[SourceTitle "playchess.com"]
[Source "ChessBase"]
[SourceQuality "1"]
[TimeControl "40/5400+30:1800+30"]

1. e4 c5 2. Nf3 d6 3. d4 cxd4 4. Nxd4 Nf6 5. Nc3 a6 6. Be2 e5 7. Nb3 Be7 8. O-O O-O 9. Qd3 Be6 10. Bd2 {[%emt 0:00:20] B92: Sizilianisch (Najdorf-Variante mit 6.Le2).} Nbd7 $1 {[%emt 0:03:03] 10...Nbd7 punktet besser als 10...Nc6.} 11. Nd5 Bxd5 12. exd5 b6 13. a4 a5 14. Qh3 Rc8 15. c4 Ne8 $146 ({Predecessor:} 15... Re8 16. f4 Bf8 17. Rae1 g6 18. f5 Bg7 19. Bg5 Qc7 20. Qh4 Rf8 21. Kh1 Rce8 {1-0 Krzyzanowski,M (2512)-Kosakowski,J (2494) POL-chT Ekstraliga 2023 (7.5)}) 16. Kh1 g6 17. g4 (17. f4 $14) 17... Bg5 $11 18. Bc3 (18. Rae1 $11) 18... Nef6 19. Qg2 h6 20. Rfd1 Kg7 21. Ra3 Qe8 22. Rg1 Rh8 23. Qf1 ({Vorzuziehen ist} 23. Rf1 $15) 23... Qe7 24. Nd2 ({Weiss kommt nicht vorbei an} 24. f3) 24... Nc5 (24... h5 $1 $17 {[%cal Rh5g4] ...hxg4 ist eine echte Drohung.} 25. f4 Bxf4) 25. Bd1 Bf4 26. Bc2 Qd7 27. Qe2 Nh7 28. Ne4 {[%emt 0:03:26] [#]} (28. Rg2 $11 {hält das Gleichgewicht.}) 28... Nxe4 $1 $17 29. Bxe4 h5 30. Qf3 $2 (30. gxh5 $2 Nf6 (30... Ng5 $2 31. Rxg5 Bxg5 32. Bf3 $19) 31. Bf3 Nxh5 $19 (31... Qh3 32. Rg2 $17)) (30. g5 $17 {nur so!}) 30... Nf6 $2 (30... Bxh2 $19 {und Schwarz behält klar die Oberhand.} 31. Kxh2 hxg4) 31. g5 $17 Nxe4 32. Qxe4 Qf5 33. Qxf5 gxf5 34. Rb3 Rb8 $1 (34... Rxc4 35. Rxb6 Rd8 (35... Rxa4 36. Rxd6 Ra8 37. Rf6 $16) 36. g6 fxg6 (36... Rxa4 37. Rb7 $16) 37. Bxa5 $11) 35. Rb5 Rhc8 36. b3 h4 $1 37. h3 Kg6 38. Be1 (38. Rb1 $15) 38... Kh5 (38... Bxg5 $6 39. f3 $14 (39. f4 exf4 40. Bxh4 f6 $11)) 39. f3 (39. Kg2 $15) 39... Be3 $19 (39... Bxg5 40. Bf2 $11) 40. Rg2 Rc5 (40... Bxg5 41. Bf2 $11) 41. Re2 Bd4 (41... Bxg5 42. Bf2 Rxb5 43. cxb5 $16) 42. Rc2 (42. Kg2 $17) 42... Kxg5 $19 43. Bxa5 $2 {[%emt 0:00:00] [#]} (43. b4 Rxb5 44. Bd2+ f4 45. cxb5) 43... Kf4 $1 $19 44. Rxb6 (44. Bxb6 Rxb5 45. Bxd4 Rxb3 $19) 44... Rxb6 $2 (44... Rg8 $19 45. b4 Rcc8 (45... Rxa5 46. bxa5 Rg1+ 47. Kh2 $11) 46. Rxd6 Rg1+ 47. Kh2 Rb1) 45. Bxb6 $11 Rc8 46. c5 $1 Kxf3 47. a5 $1 Ke4 (47... Bxc5 $2 {ist das falsche Schlagen.} 48. b4 $18) 48. b4 Kxd5 49. cxd6 $1 Rxc2 50. d7 $1 Rc1+ 1/2-1/2

[Event "40th Cappelle Open 2024"]
[Site "Cappelle-la-Grande"]
[Date "2024.03.06"]
[Round "7.10"]
[White "Jablonicky, Martin"]
[Black "Vlachos, Anatole"]
[Result "1/2-1/2"]
[ECO "D02"]
[WhiteElo "2393"]
[BlackElo "2479"]
[Annotator "RC"]
[PlyCount "90"]
[EventDate "2024.03.02"]
[EventType "swiss"]
[EventCountry "FRA"]
[SourceTitle "playchess.com"]
[Source "ChessBase"]
[SourceQuality "1"]
[TimeControl "40/5400+30:1800+30"]

1. d4 d5 2. Nf3 Nf6 3. Bf4 e6 4. e3 Bd6 5. Bg3 O-O 6. Nbd2 c5 7. c3 Qc7 8. dxc5 Qxc5 9. Bd3 Nbd7 10. Qc2 h6 11. O-O Bxg3 12. hxg3 b6 13. c4 Bb7 14. Rac1 Rfc8 15. Qb1 Qe7 16. cxd5 Nxd5 17. Rxc8+ Rxc8 18. Rc1 Nc5 19. Bf1 Qf6 20. e4 Nb4 21. a3 Nc6 22. Nc4 Rd8 23. e5 Qe7 24. b4 Nd7 25. Rd1 Nf8 26. Bd3 g6 27. Be4 Rxd1+ 28. Qxd1 Nxe5 29. Nfxe5 Bxe4 30. Nd6 f6 31. Nxe4 fxe5 32. Qd2 g5 33. Qc3 Qd8 34. Kh2 Ng6 35. Qc6 Qe7 36. Kg1 Kg7 37. Nd6 Qd8 38. Ne8+ Kf8 39. Nd6 Kg7 40. Ne8+ Kf8 41. Nd6 Kg8 42. Ne4 Qe7 43. Kf1 Kg7 44. Ke2 Qd8 45. Qc7+ Kf8 1/2-1/2

[Event "40th Cappelle Open 2024"]
[Site "Cappelle-la-Grande"]
[Date "2024.03.06"]
[Round "7.11"]
[White "Panjwani, Raja"]
[Black "Molenda, Marcin"]
[Result "1-0"]
[ECO "A13"]
[WhiteElo "2468"]
[BlackElo "2377"]
[Annotator "TA"]
[PlyCount "75"]
[EventDate "2024.03.02"]
[EventType "swiss"]
[EventCountry "FRA"]
[SourceTitle "playchess.com"]
[Source "ChessBase"]
[SourceQuality "1"]
[TimeControl "40/5400+30:1800+30"]

1. Nf3 d5 2. g3 Nf6 3. Bg2 c5 4. O-O e6 5. c4 d4 6. e3 Nc6 7. exd4 cxd4 8. d3 Bd6 9. Bg5 h6 10. Bxf6 Qxf6 {[%emt 0:00:05] The position is equal.} 11. Nbd2 Qe7 12. Re1 O-O 13. a3 a5 14. Nb3 Qf6 (14... e5 $6 15. Nfxd4 Nxd4 16. Nxd4 $16) 15. c5 Bc7 16. Rc1 Rd8 17. Nfd2 Bd7 18. Nc4 Be8 (18... Qe7 $11 {is more appropriate.}) 19. Nbd2 $14 Qe7 20. Ne4 Rab8 21. f4 b5 22. cxb6 Bxb6 {[%emt 0:00:06] [#]} 23. f5 $1 Bc7 (23... exf5 $2 24. Ned6 Qc7 (24... Qd7 $2 25. Qa4 $18) 25. Rxe8+ (25. Nxf5 Bc5 $18) 25... Rxe8 26. Nxe8 Rxe8 27. Qa4 $18 (27. Nxb6 Qxb6 28. Bxc6 Re7 $18)) 24. Ned2 {[%emt 0:21:00] Excellent horsemanship.} Rb5 25. fxe6 fxe6 26. Qg4 (26. Nf3 {simplifies} Rc5 27. Qe2 Bf7 28. Rf1) 26... Ne5 27. Nxe5 Bxe5 ({Black should try} 27... Rxe5 $14 28. Rxe5 Bxe5) 28. Bc6 $16 {[%emt 0:07:27] White is more active.} (28. a4 {simplifies} Rxb2 29. Nc4 Rxg2+ 30. Kxg2 Bf6 31. Qxe6+ Qxe6 32. Rxe6 Bxa4 33. Nxa5 Bd7 34. Ree1) 28... Rxb2 {[%emt 0:08:07] This costs Black the game.} (28... h5 $16 {might work better.} 29. Qe4 Bxc6 30. Rxc6 Rf8) 29. Nc4 $18 Bxc6 30. Nxb2 Ba8 (30... Qd6 31. Rxe5 (31. Rxc6 Qxc6 32. Rxe5 Qc3 $18) 31... Qxe5 32. Rxc6 Qe1+ 33. Kg2 Re8 (33... Qd2+ $2 34. Kh3 $18)) 31. Rxe5 Qb7 32. Qxe6+ Kh8 {[%emt 0:00:19] [#]} 33. Re4 $1 Qxb2 (33... Qb8 34. Re2) 34. Rc8 {[%emt 0:00:05] White mates.} Qb1+ 35. Kf2 Rxc8 36. Qxc8+ Kh7 37. Qf5+ Kg8 38. Re8# {[%emt 0:20:56] Weighted Error Value: White=0.02 (flawless) /Black=0.61.  Loses game:     	---       	Black=1      Mistake:       	---       	Black=3      Inaccurate:     	White=1     	---        OK:         	White=14    	Black=7      Best:        	White=1     	Black=3} 1-0

[Event "40th Cappelle Open 2024"]
[Site "Cappelle-la-Grande"]
[Date "2024.03.06"]
[Round "7.12"]
[White "Nanjo, Ryosuke"]
[Black "Roshka, Yevgeniy"]
[Result "1-0"]
[ECO "B06"]
[WhiteElo "2346"]
[BlackElo "2468"]
[Annotator "RC"]
[PlyCount "177"]
[EventDate "2024.03.02"]
[EventType "swiss"]
[EventCountry "FRA"]
[SourceTitle "playchess.com"]
[Source "ChessBase"]
[SourceQuality "1"]
[TimeControl "40/5400+30:1800+30"]

1. e4 g6 2. d4 Bg7 3. Nc3 d6 4. Be3 a6 5. g4 b5 6. Bg2 Bb7 7. h4 h6 8. g5 hxg5 9. h5 gxh5 10. Rxh5 Nf6 11. Rxh8+ Bxh8 12. Bxg5 Nbd7 13. Qd3 c5 14. Qh3 Bg7 15. e5 Bxg2 16. Qxg2 dxe5 17. dxe5 Ng8 18. Bf6 Bf8 19. Bh8 Nh6 20. e6 fxe6 21. Qg6+ Nf7 22. Nf3 Qc7 23. Ng5 Qf4 24. Nxe6 Qh2 25. Nxf8 Kxf8 26. Bg7+ Ke8 27. O-O-O Qf4+ 28. Kb1 Qf3 29. Re1 Nf8 30. Qb6 Rd8 31. Qxa6 Nd6 32. Bxf8 Kxf8 33. Qa7 Ne4 34. a3 Nxc3+ 35. bxc3 Rd1+ 36. Rxd1 Qxd1+ 37. Kb2 Qd6 38. Qb7 b4 39. axb4 cxb4 40. Qxb4 Qf6 41. Qc5 Qf3 42. c4 Qf6+ 43. Kb3 Qf3+ 44. Kb4 Qb7+ 45. Qb5 Qf3 46. Qb8+ Kf7 47. Qg3 Qb7+ 48. Kc3 Qb6 49. Qf3+ Kg7 50. Qg4+ Kf7 51. Qf5+ Kg7 52. Qe5+ Kf7 53. Qd5+ Kf8 54. c5 Qa5+ 55. Kd3 Qa3+ 56. c3 Qa6+ 57. Kd2 Qa5 58. Qc4 Qa7 59. Ke2 Qc7 60. c6 Qe5+ 61. Kf1 Qc7 62. Kg2 e6 63. Kf3 e5 64. Qb4+ Kg8 65. Qg4+ Kh8 66. Qd7 e4+ 67. Kxe4 Qh2 68. Qe8+ Kh7 69. Qe7+ Kg8 70. Qg5+ Kh7 71. Qf5+ Kg8 72. Kd4 Qh4+ 73. Kd3 Qh1 74. Qg4+ Kh8 75. Qd4+ Kg8 76. Qc4+ Kh8 77. Kc2 Qh7+ 78. Kb2 Qh2 79. Qd4+ Kg8 80. Qg4+ Kh8 81. Qg3 Qh6 82. Qe5+ Kg8 83. Qd5+ Kh7 84. Qd7+ Kg8 85. Qd8+ Kh7 86. c7 Qb6+ 87. Kc1 Qh6+ 88. Kc2 Qg6+ 89. Qd3 1-0

[Event "40th Cappelle Open 2024"]
[Site "Cappelle-la-Grande"]
[Date "2024.03.06"]
[Round "7.13"]
[White "Bujisho, Benjamin"]
[Black "Degraeve, Jean-Marc"]
[Result "0-1"]
[ECO "B03"]
[WhiteElo "2339"]
[BlackElo "2455"]
[Annotator "TA"]
[PlyCount "74"]
[EventDate "2024.03.02"]
[EventType "swiss"]
[EventCountry "FRA"]
[SourceTitle "playchess.com"]
[Source "ChessBase"]
[SourceQuality "1"]
[TimeControl "40/5400+30:1800+30"]

1. e4 Nf6 2. e5 Nd5 3. c4 Nb6 4. d4 d6 5. exd6 exd6 6. Nc3 Nc6 7. Be3 Be7 8. Bd3 O-O 9. Nge2 Nb4 10. O-O c6 11. b3 {[%emt 0:02:29] The position is equal.} Nxd3 12. Qxd3 d5 13. c5 Nd7 14. Ng3 g6 {[%emt 0:21:43] Prevents Nf5} 15. Bh6 Re8 16. f4 (16. Nf5 $11) 16... Bf8 (16... b6 $17 17. cxb6 axb6) 17. Bxf8 $11 Nxf8 18. f5 Qg5 {[%emt 0:01:33] Repels Qd2} 19. Rf3 gxf5 20. h4 (20. Nxf5 Bxf5 21. Rxf5 Qe3+ 22. Qxe3 Rxe3 $11) (20. Nce2 $11) 20... Qxh4 $17 {[%emt 0:01:43] Strongly threatening ...f4.} 21. Raf1 Ng6 {[%emt 0:01:11] White must now prevent ...f4.} 22. Nge2 {[%emt 0:11:35] [#]} ({White should play} 22. Nce2 $15) 22... f4 $1 23. Nxf4 Bg4 24. Nxg6 (24. Re3 $17 {keeps fighting.}) 24... hxg6 $19 25. Rf4 (25. Rxf7 $142 Bf5 26. R7xf5 gxf5 27. Ne2) 25... f5 26. Nd1 Qe7 {[%emt 0:03:08] Repels Ne3. White is weak on the light squares} 27. Qg3 Qg7 (27... g5 $19 28. R4f2 Kg7) 28. Ne3 $17 Be2 29. R1f2 Bd3 30. Rh4 $2 {[%emt 0:01:25][%mdl 8192] [#]} (30. Rd2 $17 Bb1 (30... Be4 $2 31. Qg5 $19) 31. Rd1) 30... Re4 $2 (30... g5 $1 $19 {[%cal Rg5h4] has better winning chances.} 31. Rh5 f4 (31... Qxd4 32. Rxg5+ Kf7 33. Nxf5 Qa1+ 34. Kh2)) 31. Rff4 (31. Rxe4 $17 Bxe4 32. Qd6) 31... Rae8 (31... Qxd4 32. Rxe4 (32. Qxg6+ Qg7 $15) 32... Bxe4 33. Qxg6+ Kf8 34. Qd6+ Kg8 (34... Ke8 35. Rh7 Qxe3+ 36. Kh2) 35. Kh2 $18) (31... Rxf4 $19 32. Rxf4 Bb1) 32. Rxe4 $15 Bxe4 33. Qg5 {[%emt 0:00:29] Repels Qf6} Kf7 (33... Qxd4 $6 34. Qxg6+ Kf8 35. Rh7 Qxe3+ 36. Kh2 Qf4+ (36... Qxc5 37. Qg7#) 37. Kg1 Qe3+ 38. Kh2 Qf4+ (38... Qxc5 39. Qg7#) 39. Kg1 Qe3+ $11) 34. Qg3 $2 (34. Rh3 $17) 34... g5 $1 $19 (34... Qxd4 35. Rh7+ Kf6 36. Qd6+ Kg5 (36... Re6 37. Qd8+ Ke5 38. Qc7+ Kf6 39. Rf7+ Kg5 40. Qg3+ Kh6 41. Qh4#) 37. Qg3+ Kf6 38. Qd6+ Kg5 (38... Re6 39. Qd8+ Ke5 40. Qc7+ Kf6 41. Rf7+ Kg5 42. Qg3+ Kh6 43. Qh4#) 39. Qg3+ Kf6 $11) 35. Rh5 (35. Rxe4 fxe4 36. Nf5) 35... f4 (35... Qxd4 36. Qc7+ Re7 37. Rh7+ Kg6 38. Qxe7 $11) 36. Qg4 fxe3 37. Rxg5 Bg6 {[%emt 0:00:06] Weighted Error Value: White=0.93/Black=0.33.  Loses game:     	White=2     	---        Missed win:     	---       	Black=1      Mistake:       	White=7     	Black=3      Inaccurate:     	White=2     	Black=1      OK:         	White=9     	Black=12     Best:        	White=1     	Black=2      Strong:       	---       	Black=1} ({Not} 37... Qxd4 38. Qh5+ Kf6 39. Qh6+ Kf7 40. Qh5+ Kf8 41. Qh6+ Kf7 (41... Ke7 42. Rg7+ $14) 42. Qh5+ $11) (37... Qf6 $142 38. Qh5+ Bg6 39. Qxg6+ Qxg6 40. Rxg6 Kxg6 41. Kf1 Kf5 42. Ke2 Ke4 43. g4 Rf8 (43... Kxd4 {gets mated.} 44. g5 Kc3 45. g6 d4 46. g7 d3+ 47. Kf3 e2 48. Kg4 e1=Q 49. Kf5 d2 50. g8=Q Rxg8 51. Kf6 d1=Q 52. Kf7 Qe8+ 53. Kf6 Qf3#) 44. g5 Rf2+ (44... Kxd4 45. g6 Rf2+ 46. Ke1 Kd3 47. g7 Rg2 48. g8=Q Rxg8 49. Kf1 Kd2 50. b4 e2+ 51. Kf2 e1=Q+ 52. Kf3 Qg3#) 45. Ke1 Kd3 (45... Rxa2 46. g6 Kf3 47. Kd1 e2+ 48. Ke1 Ke3 49. g7 Ra1#) 46. b4 Rf3 (46... Rxa2 {leads to mate.} 47. Kf1 Rf2+ 48. Kg1 Ke4 49. b5 Kf3 50. bxc6 e2 51. cxb7 e1=Q#) 47. g6 e2 48. g7 Rf1#) 0-1

[Event "40th Cappelle Open 2024"]
[Site "Cappelle-la-Grande"]
[Date "2024.03.06"]
[Round "7.14"]
[White "Le Marec, Simon"]
[Black "Nikolov, Momchil"]
[Result "0-1"]
[ECO "E49"]
[WhiteElo "2188"]
[BlackElo "2453"]
[Annotator "TA"]
[PlyCount "76"]
[EventDate "2024.03.02"]
[EventType "swiss"]
[EventCountry "FRA"]
[SourceTitle "playchess.com"]
[Source "ChessBase"]
[SourceQuality "1"]
[TimeControl "40/5400+30:1800+30"]

1. d4 Nf6 2. c4 e6 3. Nc3 Bb4 4. e3 O-O 5. Bd3 d5 6. a3 Bxc3+ 7. bxc3 dxc4 8. Bxc4 c5 9. Ne2 Qc7 10. Bd3 Nc6 11. O-O e5 12. Ng3 Be6 13. f4 {[%emt 0:04:41] The position is equal.} exd4 14. cxd4 Rad8 15. Bb2 cxd4 16. e4 Ng4 {[%emt 0:03:03] aiming for ...Ne3.} 17. f5 (17. Rf3 $15) 17... Ne3 $1 $17 18. Qh5 Bc8 (18... Nxf1 $19 {and Black stays clearly on top.} 19. Rxf1 Ne5) 19. f6 Qe5 {[%emt 0:07:25] Against Qg5} ({And not} 19... Nxf1 20. Qg5 (20. fxg7 Nxg3 21. gxf8=Q+ Kxf8 $15) (20. fxg7 Nxg3 21. gxf8=Q+ Kxf8 $17)) 20. Qh4 {[%emt 0:04:45] [#] Strongly threatening Rf3.} Rd6 $1 {[%emt 0:10:45] The board is on fire. Black has more active pieces.} 21. Nh5 $2 g5 $19 22. Qf2 Ng4 {[%emt 0:04:21] Excellent horsemanship.} 23. Qg3 Qxg3 $40 {[%emt 0:00:16][%mdl 128] Black is out for blood.} (23... Nxf6 $2 {loses.} 24. Rxf6 Rxf6 25. Qxe5 Nxe5 26. Nxf6+ Kg7 27. Nh5+ Kg6 28. Be2 $18) 24. Nxg3 Rxf6 (24... h6 $142 {[%cal Of8d8] Hoping for ...Rfd8!} 25. Rac1 Rfd8 (25... Rxf6 26. Rxf6 Nxf6 27. Bb5 $17) (25... Nxf6 26. h3 $17)) 25. Nf5 (25. Rxf6 $17 Nxf6 26. Bb5) 25... Bxf5 26. exf5 Rd6 27. Rfe1 Nge5 28. Be4 Nc4 29. Rab1 Nd2 30. Rbd1 Nxe4 31. Rxe4 Rfd8 32. Rd3 (32. h4 $142) 32... f6 33. h4 h6 34. hxg5 hxg5 35. Kf1 Rd5 36. g4 Re5 37. Re2 Rxe2 38. Kxe2 Re8+ {[%emt 0:00:11] Weighted Error Value: White=0.33/Black=0.19 (very precise) .  Loses game:     	White=1     	---        Mistake:       	White=3     	Black=2      Inaccurate:     	White=1     	---        OK:         	White=8     	Black=16     Best:        	White=1     	Black=1      Strong:       	---       	Black=1} 0-1

[Event "40th Cappelle Open 2024"]
[Site "Cappelle-la-Grande"]
[Date "2024.03.06"]
[Round "7.15"]
[White "Firat, Burak"]
[Black "Dalaud, Dorian"]
[Result "1-0"]
[ECO "C55"]
[WhiteElo "2439"]
[BlackElo "2319"]
[Annotator "TA"]
[PlyCount "65"]
[EventDate "2024.03.02"]
[EventType "swiss"]
[EventCountry "FRA"]
[SourceTitle "playchess.com"]
[Source "ChessBase"]
[SourceQuality "1"]
[TimeControl "40/5400+30:1800+30"]

1. e4 e5 2. Nf3 Nc6 3. Bc4 Nf6 4. d3 h6 5. a4 d6 6. a5 a6 7. Nc3 Be6 8. Bxe6 {[%emt 0:05:02] The position is equal.} fxe6 9. d4 exd4 10. Nxd4 Qd7 11. O-O O-O-O 12. Re1 d5 13. exd5 exd5 14. Nce2 Bc5 15. Nxc6 Qxc6 16. Nd4 Bxd4 17. Qxd4 Rhe8 18. Bf4 Rxe1+ 19. Rxe1 Re8 {[%emt 0:00:06] Black is weak on the dark squares} 20. Rxe8+ Qxe8 $14 {[%emt 0:00:19][%cal Re8e1][%mdl 4096] Endgame. KQB-KQN} 21. h3 {[%emt 0:00:12] White is more active.} Qe1+ 22. Kh2 Qe4 ({Black should play} 22... Qe7) 23. Qe5 $16 Qxc2 {[%emt 0:12:02] [#]} (23... Qxe5 $16 {was worth a try.} 24. Bxe5 Ne8) 24. Qe7 $1 $18 Qc6 25. Qxg7 Kb8 $2 (25... b5 {is a better defense.} 26. Qxh6 (26. Bxh6 d4 $18) 26... Kb7) 26. Qh8+ ({Don't do} 26. Bxh6 b6 27. Bg5 Ne4) 26... Ne8 27. Qxh6 Qd7 (27... Qxh6 $142 28. Bxh6 c5) 28. Qg6 d4 29. h4 d3 (29... Ng7 $142 30. h5 Ne6) 30. h5 d2 {[%emt 0:00:30] [#]} 31. Bxd2 {[%emt 0:00:11][%cal Oh5h6][%mdl 512] Hoping for h6!} Qxd2 (31... b5 32. Bf4) 32. Qxe8+ Ka7 33. Qe3+ {[%emt 0:00:11] Weighted Error Value: White=0.08 (flawless) /Black=0.67.  Mistake:       	---       	Black=5      Inaccurate:     	---       	Black=4      OK:         	White=8     	Black=6      Best:        	White=3     	---        Strong:       	White=1     	---} 1-0

[Event "40th Cappelle Open 2024"]
[Site "Cappelle-la-Grande"]
[Date "2024.03.06"]
[Round "7.16"]
[White "Tomaszewski, Kacper"]
[Black "Tarhan, Adar"]
[Result "0-1"]
[ECO "D38"]
[WhiteElo "2310"]
[BlackElo "2432"]
[Annotator "TA"]
[PlyCount "76"]
[EventDate "2024.03.02"]
[EventType "swiss"]
[EventCountry "FRA"]
[SourceTitle "playchess.com"]
[Source "ChessBase"]
[SourceQuality "1"]
[TimeControl "40/5400+30:1800+30"]

1. d4 Nf6 2. c4 e6 3. Nc3 d5 4. Nf3 Bb4 5. Qa4+ Nc6 6. a3 Bxc3+ 7. bxc3 Ne4 8. Bf4 Nxc3 9. Qc2 Ne4 {[%emt 0:00:05] The position is equal.} 10. e3 g5 $1 11. Bg3 h5 {[%emt 0:05:12] Strongly threatening ...h4.} 12. Ne5 Bd7 13. cxd5 exd5 {[%emt 0:01:10] ...h4 is the strong threat.} 14. Nxd7 Qxd7 15. Bb5 (15. Bd3 $11 {remains equal.}) 15... Rh6 16. h4 Nxg3 17. hxg5 Re6 18. fxg3 Rxe3+ 19. Kf2 Re4 $36 {[%emt 0:00:20][%mdl 2048] Black has the initiative.} (19... Re6 {simplifies} 20. Bxc6 Qxc6 21. Qxc6+ Rxc6 22. Rae1+ Kf8) 20. Rhe1 $2 {[%emt 0:00:11] This costs White the game.} (20. Rxh5 O-O-O 21. Kg1 Qg4 (21... Rxd4 22. Rf1 $11) 22. Bxc6 Qxh5) (20. Bxc6 $11 {and White stays safe.} bxc6 (20... Qxc6 21. Qxc6+ bxc6 22. Rxh5 $11) 21. Rxh5) 20... O-O-O $19 {[%emt 0:00:26] ...Qf5+ would now be deadly.} 21. Rxe4 dxe4 22. Qxe4 Qxd4+ 23. Qxd4 Nxd4 {[%emt 0:00:32][%mdl 4096] Endgame. KRB-KRN} (23... Rxd4 24. Be2 $15) 24. Bc4 {[%emt 0:00:16] [#]} Rg8 $1 25. Bxf7 Rxg5 {[%emt 0:00:29] Hoping for ...Rf5+.} 26. Bc4 (26. g4 $142) 26... Rf5+ (26... b5 $19 27. Bd3 c5) 27. Kg1 (27. Ke3 $17 c5 28. a4) 27... Rc5 28. Bd3 Rc3 29. Rd1 Rxa3 30. Bg6 $2 (30. Be4 {was necessary.} c5 31. Kf2) 30... Rxg3 31. Bxh5 c5 32. Kf2 Rg8 33. g4 a5 ({Weaker is} 33... Rf8+ 34. Ke3 $17) 34. Rg1 Rg5 {[%emt 0:01:35] Black is clearly winning.} ({Not} 34... Rf8+ 35. Ke3 $15) 35. Ke3 Kd7 36. Bf7 Ke7 37. Bc4 b5 38. Kf4 {[%emt 0:00:21] [#]} bxc4 $1 {[%emt 0:00:26] Weighted Error Value: White=0.57/Black=0.10 (very precise) .  Mistake:       	White=5     	Black=1      Inaccurate:     	White=4     	---        OK:         	White=8     	Black=11     Best:        	White=3     	Black=3      Strong:       	---       	Black=2} 0-1